 Dungeon Crawl Stone Soup version 0.29-a0-286-g41199d4a87 (webtiles) character file.

Game seed: 7588501879752371318

1902 epen the Vexing (level 9, -2/67 HPs)
             Began as a Gnoll Arcane Marksman on Mar 16, 2022.
             Was an Initiate of Cheibriados.
             Slain by an orc warrior
             ... wielding a +0 trident
              (13 damage)
             ... on level 7 of the Dungeon.
             The game lasted 00:08:33 (7616 turns).

epen the Vexing (Gnoll Arcane Marksman)             Turns: 7616, Time: 00:08:34

Health: -2/67      AC:  6    Str: 19      XL:     9   Next: 15%
Magic:  16/16      EV: 15    Int: 12 (13) God:    Cheibriados [......]
Gold:   460        SH:  0    Dex: 18      Spells: 16/17 levels left

rFire   . . .      SeeInvis .   v - +4 trident (freeze)
rCold   . . .      Faith    .   (no shield)
rNeg    . . .      Spirit   .   b - +0 robe
rPois   .          Reflect  .   (no helmet)
rElec   .          Harm     .   u - scarf {repulsion}
rCorr   .          Rampage  .   t - +1 pair of gloves of the Garden {Dex+2}
Will    +....      Clarity  +   (no boots)
Stlth   +++.......              (no amulet)
HPRegen 0.21/turn               r - ring of willpower
MPRegen 0.15/turn               x - +6 ring of strength

@: about to teleport, repel missiles, very slow
A: fangs 1, strong nose, distributed training, iridescent scales 1, clarity,
deterioration 1
a: Renounce Religion


You were on level 7 of the Dungeon.
You worshipped Cheibriados.
Cheibriados was noncommittal.
You visited 2 branches of the dungeon, and saw 8 of its levels.

You collected 460 gold pieces.

Inventory:

Hand Weapons
 a - a +0 shortbow
 m - a +3 falchion
 p - a +2 short sword of protection
 v - a +4 trident of freezing (weapon)
Armour
 b - a +0 robe (worn)
 g - a +1 pair of gloves
 t - the +1 pair of gloves of the Garden (worn) {Dex+2}
   (You found it on level 3 of the Dungeon)

   Dex:       It affects your dexterity (+2).
 u - a scarf of repulsion (worn)
 y - the +3 kite shield of Ynedugaf {rN+}
   (You found it on level 7 of the Dungeon)

   rN:        It protects you from negative energy.
Jewellery
 r - a ring of willpower (left hand)
 s - a ring of magical power
 x - a +6 ring of strength (right hand)
Wands
 i - a wand of charming (4)
 l - a wand of iceblast (3)
 w - a wand of polymorph (8)
Scrolls
 c - a scroll of vulnerability
 h - 7 scrolls of identify
Potions
 e - a potion of ambrosia {unknown}
 f - a potion of curing
 j - a potion of lignification {unknown}
 k - a potion of cancellation {unknown}
 n - a potion of brilliance
 o - 4 potions of flight
 q - a potion of attraction
 z - 2 potions of heal wounds {unknown}


   Skills:
 + Level 4.8 Fighting
 + Level 4.0 Short Blades
 + Level 4.0 Long Blades
 + Level 4.0 Axes
 + Level 4.0 Maces & Flails
 + Level 4.0 Polearms
 + Level 4.0 Staves
 + Level 4.0 Slings
 + Level 6.1 Bows
 + Level 4.0 Crossbows
 + Level 4.0 Throwing
 + Level 4.0 Armour
 + Level 6.1 Dodging
 + Level 4.0 Stealth
 + Level 4.0 Shields
 + Level 4.0 Unarmed Combat
 + Level 4.9 Spellcasting
 + Level 3.2 Conjurations
 + Level 6.4 Hexes
 + Level 3.2 Summonings
 + Level 3.2 Necromancy
 + Level 3.2 Translocations
 + Level 3.2 Transmutations
 + Level 3.2 Fire Magic
 + Level 3.2 Ice Magic
 + Level 3.2 Air Magic
 + Level 3.2 Earth Magic
 + Level 3.2 Poison Magic
 + Level 4.3 Invocations
 + Level 4.0 Evocations


You had 16 spell levels left.
You knew the following spells:

 Your Spells              Type           Power      Damage    Failure   Level
a - Slow                  Hex            72%        N/A       1%          1

Your spell library contained the following spells:

 Spells                   Type           Power      Damage    Failure   Level
 Inner Flame              Hex/Fire       14%        N/A       9%          3
 Portal Projectile        Hex/Tloc       28%        N/A       9%          3
 Cause Fear               Hex            9%         N/A       14%         4


Dungeon Overview and Level Annotations

Branches:
Dungeon (7/15)             Temple (1/1) D:7

Altars:
Ashenzari
Cheibriados
Dithmenos
Elyvilon
Fedhas
Gozag
Kikubaaqudgha
Makhleb
Nemelex Xobeh
Okawaru
Qazlal
Ru
Sif Muna
Trog
Uskayaw
Vehumet
Wu Jian
Xom
Beogh

Shops:
D:1 (

Annotations:
D:4 3 runed translucent doors, namelastname112's ghost, amateur DrBr


Innate Abilities, Weirdness & Mutations

You have very sharp teeth.
Your uncanny sense of smell can sniff out nearby items.
Your experience applies equally to all skills.
You are partially covered in iridescent scales. (AC +2)
You possess an exceptional clarity of mind.
Your body sometimes deteriorates upon taking damage.


Message History

You closely miss the orc.
The orc warrior hits you from afar with a +0 trident!
The orc priest calls down the wrath of Beogh upon you.
Beogh smites you!
Your body deteriorates!
You feel dopey. The orc barely misses you.
You are too injured to fight recklessly!
You are too injured to fight recklessly!
You are too injured to fight recklessly!
You are too injured to fight recklessly!
You are too injured to fight recklessly!
You are too injured to fight recklessly!
You are too injured to fight recklessly!
You are too injured to fight recklessly!
You are too injured to fight recklessly!
You are too injured to fight recklessly!
You are too injured to fight recklessly!
You are too injured to fight recklessly!
You are too injured to fight recklessly!
You are too injured to fight recklessly!
You are too injured to fight recklessly!
You are too injured to fight recklessly!
Reach: v) +4 trident (freeze)
Press: ? - help, Dir - move target, f/p - orc warrior
Aim: an orc warrior, wielding a +0 trident and wearing a +0 plate armour (about 32% to evade your +4 trident of freezing)
The orc is in the way.
You barely miss the orc.
The orc warrior hits you from afar with a +0 trident!
* * * LOW HITPOINT WARNING * * *
The orc barely misses you.
The orc priest begins to cast a cantrip, but forgets the words!
The orc warrior misses you.
As you read the scroll of teleportation, it crumbles to dust.
You feel strangely unstable.
The orc warrior hits you from afar with a +0 trident!!
* * * LOW HITPOINT WARNING * * *
The orc throws a boomerang.
The boomerang hits you but does no damage.
You feel better.
The orc warrior hits you from afar with a +0 trident!
You die...

*,≈≈≈,* #.# #.# #.....
*,,,,,*#########.#####.#####.....
*+***+*......oo...<........'.....
*,,,,,**####ooo.o..###.#.###.....
**,,,,* ##)##o......#.# #####.
*,,,** #o##oo.#####.######..
*,,,* #..o................. *,,,*
####.#.#####.######.. **,,,*
#@#..* #.# ### ,,,,,* #.##.#* #.#
# ,,,*** #.#*,,* #.# # ,,,*
#.#**,* *,######## ,,,* #.#
*,***,#....... ,,,* #.#
*,,**,#.###### ,,,* #.# **,**,#.#
# ,,,* #.# *,,*,#.# # ,,,* *,*
**,*,#.#


You could see an orc warrior, an orc priest, an orc wizard and 2 orcs.

Vanquished Creatures
  A wyvern (D:5)
  2 water moccasins
  2 sky beasts (D:7)
  2 ogres
  3 bullfrogs
  A necrophage (D:4)
  3 scorpions
  4 wights
  A howler monkey (D:6)
  A hound (D:5)
  A jelly (D:5)
  2 orc priests
  Natasha (thrice) (D:3)
  An iguana (D:7)
  3 orc wizards (D:7)
  Ijyb (D:3)
  4 adders
  7 river rats (D:6)
  2 white imps
  5 dart slugs
  5 orcs
  9 ball pythons
  7 endoplasms
  3 giant cockroaches
  7 goblins
  3 hobgoblins
  11 kobolds
  10 quokkas
  10 bats
  6 frilled lizards
  19 rats
139 creatures vanquished.

Notes
Turn   | Place    | Note
-------+----------+-------------------------------------------
     0 | D:1      | epen the Gnoll Arcane Marksman began the quest for the Orb.
     0 | D:1      | Reached XP level 1. HP: 17/17 MP: 4/4
   163 | D:1      | Reached XP level 2. HP: 23/23 MP: 5/5
   202 | D:1      | Found Jooxin's Antique Weapon Shop.
   390 | D:1      | Reached XP level 3. HP: 28/28 MP: 7/7
   727 | D:2      | Found a shimmering blue altar of Sif Muna.
   774 | D:2      | Reached skill level 1 in Invocations
  1183 | D:2      | Reached skill level 1 in Short Blades
  1183 | D:2      | Reached skill level 1 in Long Blades
  1183 | D:2      | Reached skill level 1 in Axes
  1183 | D:2      | Reached skill level 1 in Maces & Flails
  1183 | D:2      | Reached skill level 1 in Polearms
  1183 | D:2      | Reached skill level 1 in Staves
  1183 | D:2      | Reached skill level 1 in Slings
  1183 | D:2      | Reached skill level 1 in Crossbows
  1183 | D:2      | Reached skill level 1 in Throwing
  1183 | D:2      | Reached skill level 1 in Armour
  1183 | D:2      | Reached skill level 1 in Stealth
  1183 | D:2      | Reached skill level 1 in Shields
  1183 | D:2      | Reached skill level 1 in Unarmed Combat
  1183 | D:2      | Reached skill level 1 in Evocations
  1276 | D:2      | Found a faded altar of an unknown god.
  1287 | D:2      | Reached XP level 4. HP: 34/34 MP: 8/8
  1561 | D:3      | Identified the +1 pair of gloves of the Garden {Dex+2}
  1719 | D:3      | Noticed Ijyb
  1738 | D:3      | Killed Ijyb
  1739 | D:3      | Reached skill level 1 in Conjurations
  1739 | D:3      | Reached skill level 1 in Summonings
  1739 | D:3      | Reached skill level 1 in Necromancy
  1739 | D:3      | Reached skill level 1 in Translocations
  1739 | D:3      | Reached skill level 1 in Transmutations
  1739 | D:3      | Reached skill level 1 in Fire Magic
  1739 | D:3      | Reached skill level 1 in Ice Magic
  1739 | D:3      | Reached skill level 1 in Air Magic
  1739 | D:3      | Reached skill level 1 in Earth Magic
  1739 | D:3      | Reached skill level 1 in Poison Magic
  1885 | D:3      | Found a shimmering altar of Xom.
  1904 | D:3      | Noticed Natasha
  1913 | D:3      | Killed Natasha
  1914 | D:3      | Reached XP level 5. HP: 27/40 MP: 9/9
  2014 | D:3      | Noticed Natasha
  2023 | D:3      | Killed Natasha
  2072 | D:3      | Noticed a water moccasin
  2095 | D:3      | Killed a water moccasin
  2096 | D:3      | Reached XP level 6. HP: 4/47 MP: 11/11
  2110 | D:3      | Noticed Natasha
  2118 | D:3      | Killed Natasha
  2457 | D:4      | Reached skill level 5 in Bows
  2457 | D:4      | Reached skill level 5 in Dodging
  2807 | D:4      | Found a stormy altar of Qazlal.
  2844 | D:4      | Found a runed translucent gate.
  2844 | D:4      | Found a runed translucent gate.
  2845 | D:4      | Found a runed translucent gate.
  2846 | D:4      | Noticed namelastname112's ghost (amateur DrBr)
  2849 | D:4      | Identified the +9 spear "Impbane" {vorpal, rElec rCorr
                  | Int+4}
  2908 | D:4      | Gained mutation: You possess an exceptional clarity of
                  | mind. [potion of mutation]
  2908 | D:4      | Gained mutation: Your body sometimes deteriorates upon
                  | taking damage. [potion of mutation]
  2908 | D:4      | Gained mutation: You are partially covered in iridescent
                  | scales. (AC +2) [potion of mutation]
  2916 | D:4      | Reached XP level 7. HP: 14/52 MP: 12/12
  3184 | D:4      | Found an iron altar of Okawaru.
  3550 | D:5      | Entered Level 5 of the Dungeon
  3880 | D:5      | Found a hide-covered altar of Uskayaw.
  4164 | D:5      | Found a sacrificial altar of Ru.
  4253 | D:5      | Noticed a wyvern
  4263 | D:5      | Killed a wyvern
  4264 | D:5      | Reached XP level 8. HP: 11/60 MP: 14/14
  4829 | D:6      | Found a radiant altar of Vehumet.
  4879 | D:6      | Found an opulent altar of Gozag.
  5661 | D:6      | HP: 1/54 [wight/+3 falchion (4)]
  6678 | D:7      | Found a staircase to the Ecumenical Temple.
  6689 | Temple   | Entered the Ecumenical Temple
  7041 | D:7      | Found a snail-covered altar of Cheibriados.
  7060 | D:7      | Became a worshipper of Cheibriados the Contemplative
  7092 | D:7      | Reached XP level 9. HP: 11/66 MP: 16/16
  7580 | D:7      | Identified the +3 kite shield of Ynedugaf {rN+}
  7615 | D:7      | HP: 3/67 [orc warrior/+0 trident (18)]
  7616 | D:7      | Slain by an orc warrior

Illustrated notes

Levels and vault maps discovered:
D:1:      lordsloth_arrival_two_stooges, layout_loops_ring, serial_shops,
          shop_fountains
D:2:      layout_basic, hellmonk_ecumenical_altar_pennies_from_heaven,
          basic_altar
D:3:      cheibrodos_old_hovel, layout_rooms, mainiacjoe_overflow_alcove_1,
          uniq_natasha, uniq_ijyb
D:4:      layout_basic, nicolae_qazlal_scattered_showers,
          okawaru_ov_weapons_minmay, biasface_ghost_orc_armoury
D:5:      layout_gridville, mainiacjoe_overflow_paths, nicolae_uskayaw_suspiria,
          dk_noncrumbling_4, kennysheep_another_room, columned_hall_lemuel
D:6:      lemuel_ratsnest, layout_layer_cave, fiery_altar_vehumet,
          general_overflow_altar, nrook_mini_vaults, minmay_misc_feat_tower
D:7:      layout_basic, mainiacjoe_overflow_six_doors_small,
          mainiacjoe_overflow_small_starburst, cheibriados_altar_2,
          minmay_temple_entry_proselytizer, minmay_fractal_squares_5
Temple:   jpeg_temple_alley_garden

Skill      XL: |  1  2  3  4  5  6  7  8  9 |
---------------+----------------------------+-----
Invocations    | 1 2 3 4 |  4.3
Short Blades   | 1 2 3 4 |  4.0
Long Blades    | 1 2 3 4 |  4.0
Axes           | 1 2 3 4 |  4.0
Maces & Flails | 1 2 3 4 |  4.0
Polearms       | 1 2 3 4 |  4.0
Staves         | 1 2 3 4 |  4.0
Slings         | 1 2 3 4 |  4.0
Crossbows      | 1 2 3 4 |  4.0
Throwing       | 1 2 3 4 |  4.0
Armour         | 1 2 3 4 |  4.0
Stealth        | 1 2 3 4 |  4.0
Shields        | 1 2 3 4 |  4.0
Unarmed Combat | 1 2 3 4 |  4.0
Evocations     | 1 2 3 4 |  4.0
Spellcasting   | 3 4 |  4.9
Conjurations   | 1 2 3 |  3.2
Summonings     | 1 2 3 |  3.2
Necromancy     | 1 2 3 |  3.2
Translocations | 1 2 3 |  3.2
Transmutations | 1 2 3 |  3.2
Fire Magic     | 1 2 3 |  3.2
Ice Magic      | 1 2 3 |  3.2
Air Magic      | 1 2 3 |  3.2
Earth Magic    | 1 2 3 |  3.2
Poison Magic   | 1 2 3 |  3.2
Fighting       | 3 4 |  4.8
Bows           | 5 6 |  6.1
Dodging        | 5 6 |  6.1
Hexes          | 6 |  6.4

Action                   |  1- 3 |  4- 6 |  7- 9 || total
-------------------------+-------+-------+-------++-------
Melee: Trident           |       |    87 |   173 ||   260
       Bite              |       |     5 |    19 ||    24
       Punch             |       |     1 |     6 ||     7
       Short sword       |       |       |    30 ||    30
       Falchion          |       |       |     9 ||     9
 Fire: Shortbow          |    95 |    22 |    30 ||   147
  Use: Potion            |       |     3 |     3 ||     6
       Scroll            |       |     9 |    10 ||    19
 Stab: Sleeping          |       |     1 |     6 ||     7
       Distracted        |       |       |     1 ||     1
Armor: Robe              |    10 |    19 |    61 ||    90
Dodge: Dodged            |    30 |    71 |   161 ||   262
       Repelled          |       |       |     2 ||     2

Table legend: (Time is in decaauts)
 A = Elapsed time spent in this place.
 B = Non-inter-level travel time spent in this place.
 C = Inter-level travel time spent in this place.
 D = Time resting spent in this place.
 E = Time spent auto-exploring this place.
 F = Levels seen in this place.
 G = Mean time per level.
                   A        B        C        D        E       F      G
               +--------+--------+--------+--------+--------+-----+--------+
         Total |   7760 |   7615 |    145 |   1215 |   5199 |   8 |  970.0 |
       Dungeon |   7502 |   7357 |    145 |   1215 |   5013 |   7 | 1071.7 |
        Temple |    258 |    258 |      0 |      0 |    186 |   1 |  258.0 |
               +--------+--------+--------+--------+--------+-----+--------+

Top non-repeatable levels by time:
     D:6: 1992 daAuts
     D:5: 1131 daAuts
     D:4: 1112 daAuts
     D:2: 1036 daAuts
     D:7: 772 daAuts
     D:3: 745 daAuts
     D:1: 711 daAuts
  Temple: 258 daAuts
